 Dungeon Crawl Stone Soup version 0.17-a0-2171-ga91b4ec (webtiles) character file.

81 tp1 the Magician (level 4, -1/24 HPs)
             Began as a Deep Elf Conjurer on Oct 25, 2015.
             Slain by a gnoll (2 damage)
             ... on level 1 of the Dungeon.
             The game lasted 00:09:03 (2142 turns).

tp1 the Magician (Deep Elf Conjurer)                Turns: 2142, Time: 00:09:04

Health: -1/24      AC:  2    Str:  5    XL:     4   Next: 19%
Magic:  0/14       EV: 13    Int: 21    God:
Gold:   29         SH:  0    Dex: 15    Spells: 3 memorised, 9 levels left

rFire  . . .     SeeInvis .     h - -1 dagger (curse)
rCold  . . .     Clarity  .     a - +0 robe
rNeg   . . .     SustAt   .     (no shield)
rPois  .         Gourm    .     (no helmet)
rElec  .         Spirit   .     (no cloak)
rCorr  .         Warding  .     (no gloves)
rMut   .         Stasis   .     (no boots)
MR     .....                    (no amulet)
Stlth  ++........               (no ring)
                                (no ring)

@: not resistant to hostile enchantments, unstealthy
A: no striking features
a: no special abilities


You were on level 1 of the Dungeon.
You were not hungry.

You visited 1 branch of the dungeon, and saw 2 of its levels.

You collected 29 gold pieces.

Inventory:

Hand Weapons
 h - a cursed -1 dagger (weapon)
 j - a cursed +0 mace
Armour
 a - a +0 robe (worn)
Scrolls
 d - a scroll of identify {unknown}
 f - a scroll of fog {unknown}
 i - a scroll of random uselessness {unknown}
Potions
 e - a potion of lignification {unknown}
 g - a potion of poison {unknown}
 k - a potion of cure mutation {unknown}
Books
 b - a book of Conjurations

   Spells                             Type                      Level
   a - Magic Dart                     Conjuration                  1
   b - Searing Ray                    Conjuration                  2
   c - Dazzling Spray                 Conjuration/Hexes            3
   d - Fulminant Prism                Conjuration/Hexes            4
   e - Iskenderun's Mystic Blast      Conjuration                  4
   f - Iskenderun's Battlesphere      Conjuration/Charms           5
Comestibles
 c - 2 bread rations
 l - a slice of pizza


   Skills:
 - Level 2.4 Dodging
 - Level 2.4 Stealth
 + Level 6.1 Spellcasting
 - Level 4.3 Conjurations


You had 9 spell levels left.
You knew the following spells:

 Your Spells              Type           Power        Failure   Level  Hunger
a - Magic Dart            Conj           ###.         1%          1    None
b - Searing Ray           Conj           ###...       2%          2    None
c - Dazzling Spray        Conj/Hex       ###.....     14%         3    ##.....


Dungeon Overview and Level Annotations

Branches:
Dungeon (2/15)

Altars:


Message History

Unknown command.
Casting: Magic Dart
Confirm with . or Enter, or press ? or * to list all spells.
Aiming: Magic Dart
Press: ? - help, Shift-Dir - straight line, f - gnoll
Aim: a gnoll The magic dart hits the gnoll.
The gnoll is lightly wounded.
The gnoll hits you.
* * * LOW HITPOINT WARNING * * *
Casting: Magic Dart
Confirm with . or Enter, or press ? or * to list all spells.
Aiming: Magic Dart
Press: ? - help, Shift-Dir - straight line, f/p - gnoll
Aim: a gnoll (lightly wounded)
The magic dart hits the gnoll.
The gnoll is moderately wounded.
The gnoll closely misses you. The gnoll hits you.
You die...

##### ### ###**
#.#.######.# #.#,*
#.#.##.....# #..,*
#...##.###.# #.#,*
#.#.##.# #.# #.#,*
#.#.##.# #.# #.#,,
######## #.#.##.#
#.#####.###
.......#######.#@##.#
#.......[.#
...............g>##.#
#######.#.#
.......#######.#.##.#
#.#.# ########
#.#.##.# #.#.#
#.#.##># #.#.#
#.#.##.#########.#.#
#########
#.#)##...........#.#
........#
#.#.##############)#
........#
#...........(......)


You could see a gnoll.

Vanquished Creatures
  3 gnolls
  An adder (D:2)
  2 worms (D:2)
  2 giant geckos (D:1)
  4 bats (D:1)
  A giant cockroach (D:1)
  8 goblins (D:1)
  2 hobgoblins (D:1)
  3 giant newts
  5 kobolds (D:1)
  3 rats (D:1)
34 creatures vanquished.

Notes
Turn   | Place    | Note
--------------------------------------------------------------
     0 | D:1      | tp1 the Deep Elf Conjurer began the quest for the Orb.
     0 | D:1      | Reached XP level 1. HP: 10/10 MP: 6/6
   229 | D:1      | Reached XP level 2. HP: 15/15 MP: 6/9
   346 | D:1      | Learned a level 2 spell: Searing Ray
   700 | D:1      | Reached skill level 5 in Spellcasting
   700 | D:1      | Reached XP level 3. HP: 3/19 MP: 4/11
   992 | D:1      | Learned a level 3 spell: Dazzling Spray
  2129 | D:2      | Reached XP level 4. HP: 18/24 MP: 4/13
  2130 | D:2      | Reached skill level 6 in Spellcasting
  2140 | D:1      | HP: 1/24 [gnoll (2)]
  2142 | D:1      | Slain by a gnoll

Vault maps used:
D:1:      saegor_arrival_miasma, kennysheep_another_room
D:2:      uniq_jessica

Action                   |  1- 3 |  4- 6 || total
-------------------------+-------+-------++-------
 Cast: Magic Dart        |    64 |     4 ||    68
       Searing Ray       |     4 |       ||     4
  Eat: Meat ration       |     1 |       ||     1
       Chunk             |     1 |       ||     1
